 Dungeon Crawl Stone Soup version 0.21-a0-349-g0c35859 (webtiles) character file.

193 nikopol the Chopper (level 5, -3/47 HPs)
             Began as a Minotaur Berserker on Oct 8, 2017.
             Was a Priest of Trog.
             Slain by an orc wizard
             ... wielding a +0 dagger of distortion
              (18 damage)
             ... on level 3 of the Dungeon.
             The game lasted 00:04:45 (3270 turns).

nikopol the Chopper (Minotaur Berserker)            Turns: 3270, Time: 00:04:46

Health: -3/47      AC:  6    Str: 22    XL:     5   Next: 44%
Magic:  4/4        EV: 12    Int:  4    God:    Trog [***...]
Gold:   193        SH:  0    Dex: 10    Spells: 4/4 levels left

rFire    . . .     SeeInvis .   a - +0 war axe
rCold    . . .     Gourm    .   (no shield)
rNeg     . . .     Faith    .   m - +0 ring mail
rPois    .         Spirit   .   (helmet restricted)
rElec    .         Reflect  .   e - +0 cloak
rCorr    .         Harm     .   (no gloves)
MR       .....                  (no boots)
Stlth    ..........             (no amulet)
HPRegen  0.15/turn              (no ring)
MPRegen  0.09/turn              (no ring)

@: confused
A: retaliatory headbutt, horns 2
a: Berserk, Trog's Hand, Burn Spellbooks, Renounce Religion


You were on level 3 of the Dungeon.
You worshipped Trog.
Trog was most pleased with you.
You were not hungry.

You visited 1 branch of the dungeon, and saw 3 of its levels.

You collected 193 gold pieces.

Inventory:

Hand Weapons
 a - a +0 war axe (weapon)
 u - a +0 hand axe
Armour
 b - a +0 animal skin
 e - a +0 cloak (worn)
 m - a +0 ring mail (worn)
Jewellery
 v - a cursed ring of loudness {unknown}
Wands
 x - a wand of polymorph (11/24)
Scrolls
 f - a scroll of magic mapping {unknown}
 g - 2 scrolls of amnesia {unknown}
 i - 3 scrolls of teleportation {unknown}
 n - a scroll of fog {unknown}
 p - a scroll of identify {unknown}
 r - 3 scrolls of remove curse {unknown}
Potions
 d - a potion of heal wounds {unknown}
 j - 2 potions of cancellation {unknown}
 k - 2 potions of invisibility {unknown}
 l - 2 potions of might {unknown}
 q - a potion of magic {unknown}
 t - a potion of lignification {unknown}
 w - 2 potions of curing {unknown}
Comestibles
 c - a bread ration
 o - a meat ration
 s - 2 fruits


   Skills:
 + Level 4.8 Fighting
 + Level 5.5 Axes
 + Level 3.4 Armour
 + Level 3.4 Dodging
 + Level 0.2 Stealth


You had 4 spell levels left.
You didn't know any spells.

Dungeon Overview and Level Annotations

Branches:
Dungeon (3/15)

Altars:
Gozag
Kikubaaqudgha
Makhleb


Innate Abilities, Weirdness & Mutations

You reflexively headbutt those who attack you in melee.
You have a pair of horns on your head.


Message History

You are too confused!
You are too confused!
You are too confused!
You are too confused!
You are too confused!
You bump into the rock wall.
You miss the orc wizard. The orc wizard barely misses you.
You bump into the rock wall.
The orc wizard gestures at you while chanting.
The puff of flame hits you!
You closely miss the orc wizard.
The orc wizard hits you but does no damage.
Space warps horribly around you!
You bump into the rock wall.
The orc wizard hits you but does no damage.
Space warps horribly around you!
You bump into the rock wall.
The orc wizard hits you but does no damage.
Space warps horribly around you!
You die...

#.##....# #.#.#........
#.##....# #.#.#.######.
#.##....# #.#.#..)...#+
#.##....# #.#.######<..
#.##....# #............
#.##....######.######...
#.#.....'......# #...
#.#...o.#############...
#.#.###@................
#.#.# #.##############..
#.#.# #.# #.... #.#.#
#.# #.### ####### #.#.#
#.# #.# .)....# #.#.#
#.# #.# #####.# #.#.#
#.# #.# #.# #.#.# #.#
#.# #.# #.#.# #.# #.#


You could see an orc wizard.

Vanquished Creatures
  A crimson imp (D:3)
  A worker ant (D:2)
  Robin (D:2)
  3 adders
  2 dart slugs
  3 worms (D:3)
  A leopard gecko (D:2)
  5 orcs (D:3)
  2 giant cockroaches
  10 hobgoblins
  5 jackals
  A quokka (D:3)
  9 bats
  6 frilled lizards
  16 goblins
  7 kobolds
  13 rats
86 creatures vanquished.

Notes
Turn   | Place    | Note
-------+----------+-------------------------------------------
     0 | D:1      | nikopol the Minotaur Berserker began the quest for the Orb.
     0 | D:1      | Reached XP level 1. HP: 19/19 MP: 0/0
   290 | D:1      | Reached XP level 2. HP: 27/27 MP: 1/1
   294 | D:1      | Reached skill level 4 in Axes
   751 | D:1      | Reached XP level 3. HP: 33/33 MP: 2/2
  1018 | D:2      | Reached ** piety under Trog
  1029 | D:2      | Found an ancient bone altar of Kikubaaqudgha.
  1238 | D:2      | Noticed Robin
  1251 | D:2      | Killed Robin
  1251 | D:2      | Reached XP level 4. HP: 27/41 MP: 3/3
  2086 | D:3      | Reached skill level 5 in Axes
  2087 | D:3      | Found an opulent altar of Gozag.
  2192 | D:3      | Reached XP level 5. HP: 47/47 MP: 4/4
  2233 | D:3      | Found a burning altar of Makhleb.
  2364 | D:3      | Reached *** piety under Trog
  3270 | D:3      | Slain by an orc wizard

Vault maps used:
D:1:      dpeg_arrival_rhombus, minmay_split_cup_small
D:2:      nicolae_overflow_crystal_walls, uniq_robin
D:3:      overflow_temple_1_default, nicolae_gozag_seed_capital

Skill      XL: |  1  2  3  4 |
---------------+-------------+-----
Axes           | 4 5 |  5.5
Fighting       | 4 |  4.8
Armour         | 3 |  3.4
Dodging        | 3 |  3.4
Stealth        | |  0.2

Action                   |  1- 3 |  4- 6 || total
-------------------------+-------+-------++-------
Melee: Hand axe          |    82 |    29 ||   111
       Headbutt          |    14 |    12 ||    26
       War axe           |       |    40 ||    40
Invok: Berserk           |     1 |       ||     1
  Eat: Chunk             |     1 |     5 ||     6
       Royal jelly       |       |     1 ||     1
Armor: Animal skin       |    15 |       ||    15
       Ring mail         |    24 |    27 ||    51
Dodge: Dodged            |    70 |    47 ||   117

Table legend:
 A = Spawn XP
 B = Non-spawn XP
 C = Spawn XP percentage of total XP
 D = Spawn monster count
 E = Non-spawn monster count
 F = Spawn count percentage of total count
 G = Total turns spent on level
                    A         B        C        D         E        F      G
               +---------+---------+-------+---------+---------+-------+---------
         Total |       0 |     277 |   0.0 |       0 |      86 |   0.0 |  3270
               +---------+---------+-------+---------+---------+-------+---------
           D:1 |       0 |      42 |   0.0 |       0 |      27 |   0.0 |   973
           D:2 |       0 |     111 |   0.0 |       0 |      32 |   0.0 |  1091
           D:3 |       0 |     124 |   0.0 |       0 |      27 |   0.0 |  1206
               +---------+---------+-------+---------+---------+-------+---------
